 Dungeon Crawl Stone Soup version 0.16.2-12-gd0ad4c3 (webtiles) character file.

119 Peloso the Shield-Bearer (level 4, -4/40 HPs)
             Began as a Minotaur Fighter on Sept 23, 2015.
             Killed by nerve-wracking pain
             ... invoked by an orc priest
              (7 damage)
             ... on level 3 of the Dungeon.
             The game lasted 00:06:52 (1927 turns).

Peloso the Shield-Bearer (Minotaur Fighter)         Turns: 1927, Time: 00:06:52

Health: -4/40      AC: 10    Str: 27    XL:     4   Next: 73%
Magic:  2/2        EV:  6    Int:  9    God:
Gold:   56         SH: 10    Dex:  9    Spells: 0 memorised, 3 levels left

rFire  . . .     SeeInvis .     o - -3 spear (curse)
rCold  . . .     Clarity  .     f - +0 chain mail
rNeg   . . .     SustAb   .     c - +0 shield
rPois  .         Gourm    .     (helmet restricted)
rElec  .         Spirit   .     (no cloak)
rCorr  .         Warding  .     n - +0 pair of gloves
rMut   .         Stasis   .     (no boots)
MR     .....                    (no amulet)
Stlth  ..........               l - +4 ring of intelligence
                                j - ring of loudness (curse)

@: mighty, not resistant to hostile enchantments, extremely unstealthy
A: retaliatory headbutt, horns 2
a: no special abilities


You were on level 3 of the Dungeon.
You were very hungry.

You visited 1 branch of the dungeon, and saw 3 of its levels.

You collected 56 gold pieces.

Inventory:

Hand weapons
 a - a +0 long sword
 o - a cursed -3 spear (weapon)
Armour
 b - a +0 scale mail
 c - a +0 shield (worn)
 f - a +0 chain mail (worn)
 n - a +0 pair of gloves (worn)
Jewellery
 j - a cursed ring of loudness (left hand)
 l - a +4 ring of intelligence (right hand)
Scrolls
 m - a scroll of identify
Potions
 g - a potion of poison {unknown}
 h - 2 potions of curing
Comestibles
 d - 2 bread rations
 i - 3 chunks of flesh
 k - 2 meat rations
 p - a beef jerky


   Skills:
 + Level 4.3 Fighting
 + Level 2.8 Long Blades
 + Level 4.6 Armour
 + Level 1.3 Dodging
 + Level 0.3 Stealth
 + Level 4.8 Shields


You had 3 spell levels left.
You didn't know any spells.

Dungeon Overview and Level Annotations

Branches:
Dungeon (3/15)

Altars:


Innate Abilities, Weirdness & Mutations

You reflexively headbutt those who attack you in melee.
You have a pair of horns on your head.


Message History

The orc wizard blinks!
The orc priest completely misses you.
Unknown command.
You hit the orc priest.
The orc priest is almost dead.
The orc wizard gestures at you while chanting.
The magic dart hits you!
* * * LOW HITPOINT WARNING * * *
The orc priest hits you with a short sword.
* * * LOW HITPOINT WARNING * * *
The orc wizard gestures wildly while chanting.
The orc wizard blinks!
You hit the orc priest but do no damage.
The orc priest is almost dead.
The orc priest hits you but does no damage.
Unknown command.
Drink which item? (? for menu, Esc to quit)
You feel very mighty all of a sudden.
The orc priest invokes the aid of Beogh against you.
Pain shoots through your body!
You die...

. . ###.#.# ..#.#.#
### #.#.#.### #..
........#### . #.#
#.#.#....... #.. #.#
#.#o#....... #.. #.#
#.#.#........
#..###.###..o@........
#...$....))..#.#.....)
####..##.#######.# #..
...........##.....#
#####........# ..
#..####### ## #..#
#..# #..#


You could see an orc priest and an orc wizard.

Vanquished Creatures
  A gnoll (D:1)
  4 adders
  4 worms (D:2)
  3 giant geckos
  2 orcs (D:3)
  3 giant cockroaches
  4 goblins
  4 hobgoblins
  2 kobolds
  A quokka (D:3)
  7 bats
  A giant newt (D:3)
  9 jackals
  2 rats
  2 toadstools (D:1)
49 creatures vanquished.

Vanquished Creatures (others)
  2 toadstools (D:1)
2 creatures vanquished.

Grand Total: 51 creatures vanquished

Notes
Turn   | Place    | Note
--------------------------------------------------------------
     0 | D:1      | Peloso, the Minotaur Fighter, began the quest for the Orb.
     0 | D:1      | Reached XP level 1. HP: 19/19 MP: 1/1
   265 | D:1      | Reached skill level 4 in Shields
   342 | D:1      | Reached XP level 2. HP: 24/27 MP: 1/1
  1058 | D:2      | Reached XP level 3. HP: 17/33 MP: 2/2
  1489 | D:2      | Reached skill level 1 in Dodging
  1514 | D:2      | Reached XP level 4. HP: 40/40 MP: 2/2
  1927 | D:3      | Killed from afar by an orc priest

Action                   |  1- 3 |  4- 6 || total
-------------------------+-------+-------++-------
Melee: Long sword        |    97 |    29 ||   126
       Spear             |       |    42 ||    42
  Use: Scroll            |     6 |       ||     6
       Potion            |       |     1 ||     1
  Eat: Royal jelly       |       |     1 ||     1
